Map: Ascension to Aiur LE

Players

Namshar - Winner!

  • Race: Zerg Zerg
  • Spawn Location: 5:00

Zanster

  • Race: Zerg Zerg
  • Spawn Location: 11:00

Event: WCS Jonkoping 2017

VOD

Have the link to the VOD?

Description

Time

  • Played on: June 17, 2017, 2:05 p.m.
  • Length: 15:39

All games in this series

Show
View Real Time Build Order
Export as new Build Order

Namshar Zerg - Winner!

Build Orders: Hatch First, Zergling Baneling 

Get SALT Encoding   

  12  0:01  Drone  
  13  0:12  Overlord  
  13  0:17  Drone  
  14  0:31  Drone x2  
  14  0:34  Drone  
  17  0:51  Hatchery  
  17  0:54  Drone  
  17  0:57  Drone  
  18  1:09  Extractor  
  17  1:12  Spawning Pool  
  17  1:14  Drone  
  17  1:19  Drone  
  18  1:28  Drone  
  19  1:38  Overlord  
  19  1:50  Drone  
  20  1:58  Queen  
  20  2:00  Zergling x2  
  23  2:02  Queen  
  23  2:03  Zergling x2  
  23  2:08  Metabolic Boost  
  26  2:11  Drone  
  26  2:13  Drone  
  28  2:23  Drone  
  28  2:24  Drone  
  30  2:30  Baneling Nest  
  30  2:33  Drone  
  30  2:35  Drone  
  31  2:44  Zergling x2  
  31  2:49  Hatchery  
  31  2:56  Overlord  
  31  3:14  Zergling x16  
  39  3:20  Zergling x4  
  39  3:22  Baneling x2  
  41  3:27  Overlord  
  41  3:38  Baneling x2  
  41  3:39  Baneling  
  41  3:40  Baneling  
  41  3:45  Drone x3  
  43  3:50  Overlord  
  43  3:52  Zergling x4  
  43  3:53  Zergling x4  
  44  4:02  Overlord  
  44  4:03  Zergling x2, Overlord  
  45  4:11  Drone x2  
  45  4:12  Drone  
  45  4:15  Queen  
  48  4:30  Zergling x6  
  48  4:31  Zergling x8  
  51  4:32  Drone  
  51  4:41  Drone x3  
  48  4:54  Roach Warren  
  48  4:56  Baneling x2  
  48  4:57  Baneling x2  
  46  5:00  Drone  
  46  5:01  Extractor, Drone x3  
  46  5:02  Drone  
  46  5:03  Drone x2  
  46  5:06  Baneling  
  52  5:10  Extractor, Drone  
  52  5:12  Drone x3  
  55  5:17  Baneling x2  
  55  5:23  Zergling x12  
  56  5:29  Zergling x2  
  56  5:30  Zergling x6  
  54  6:00  Roach x2  
  54  6:01  Roach x5  
  54  6:04  Hatchery  
  67  6:12  Roach x2  
  67  6:16  Roach x2  
  75  6:20  Overlord x3  
  75  6:21  Overlord  
  75  6:27  Baneling x2  
  75  6:28  Baneling x2  
  75  6:29  Baneling x2  
  75  6:34  Overlord x2  
  64  6:47  Roach  
  64  6:48  Roach x4  
  76  6:54  Roach x2  
  76  6:58  Zergling x8  
  80  7:07  Zergling x2  
  81  7:16  Drone x2  
  81  7:18  Zergling x2  
  81  7:19  Zergling x6  
  87  7:26  Zergling x6  
  87  7:27  Zergling x2  
  91  7:35  Zergling x6  
  92  7:40  Ravager x3  
  92  7:41  Ravager  
  96  7:45  Zergling x10  
  96  7:48  Queen  
  103  7:54  Ravager  
  103  7:55  Zergling x6  
  107  8:02  Ravager  
  107  8:07  Drone  
  107  8:08  Drone  
  107  8:11  Drone  
  110  8:12  Evolution Chamber  
  110  8:15  Drone x7  
  103  8:43  Zerg Missile Weapons Level 1  
  103  8:44  Lair, Drone  
  103  8:45  Extractor  
  103  8:47  Drone x3  
  106  8:58  Extractor, Drone x2  
  106  9:00  Drone x3, Overlord x2  
  106  9:02  Ravager  
  112  9:03  Ravager  
  112  9:13  Drone x3  
  112  9:14  Drone x2  
  112  9:15  Extractor  
  112  9:16  Overlord  
  116  9:23  Hatchery  
  115  9:42  Glial Reconstitution  
  115  9:43  Burrow, Infestation Pit, Drone  
  115  9:48  Baneling x3  
  115  9:51  Overlord x2  
  115  9:54  Roach x12  
  115  9:58  Overlord  
  139  10:01  Overseer  
  139  10:04  Unknown  
  139  10:06  Pneumatized Carapace  
  139  10:12  Drone  
  139  10:13  Spore Crawler  
  137  10:14  Unknown, Queen  
  137  10:16  Spore Crawler, Drone  
  137  10:17  Drone  
  137  10:18  Spore Crawler  
  139  10:21  Pathogen Glands  
  139  10:31  Overlord  
  139  10:37  Zerg Missile Weapons Level 2  
  139  10:38  Roach x6  
  139  10:42  Roach x2  
  155  10:46  Roach x2  
  158  10:55  Infestor x2  
  157  11:10  Roach x3  
  157  11:11  Roach x5  
  173  11:15  Infestor  
  173  11:17  Overlord x2  
  175  11:26  Infestor  
  175  11:28  Queen  
  179  11:37  Ravager  
  182  11:40  Ravager x2  
  182  11:43  Drone  
  182  11:44  Drone x7  
  182  11:45  Roach  
  182  11:46  Roach x2  
  196  11:50  Roach x2  
  200  12:01  Overlord x2  
  200  12:02  Overseer  
  200  12:13  Overlord  
  200  12:14  Overlord  
  200  12:16  Hydralisk Den  
  200  12:17  Spore Crawler  
  200  12:19  Extractor  
  200  12:21  Extractor  
  196  12:31  Spine Crawler  
  196  12:35  Infestor  
  196  12:36  Infestor  
  195  12:45  Hive  
  195  12:46  Muscular Augments  
  195  12:53  Zerg Ground Armor Level 1, Hydralisk x2  
  199  13:00  Hatchery  
  196  13:10  Hydralisk x4  
  178  13:14  Roach  
  178  13:15  Roach x9  
  186  13:33  Roach x2  
  186  13:34  Roach x7  
  194  13:50  Drone  
  194  13:51  Evolution Chamber  
  194  13:52  Ravager  
  194  13:53  Ravager x2  
  194  13:54  Ravager  
  194  13:55  Ravager x2  
  199  13:56  Tunneling Claws  
  200  14:06  Overseer x2  
  196  14:21  Hydralisk x6  
  196  14:22  Roach x3  
  196  14:23  Roach x2  
  172  14:31  Hydralisk  
  172  14:32  Hydralisk, Roach  
  172  14:33  Roach x2  
  172  14:36  Infestor  
  181  14:51  Drone x6  
  181  14:52  Drone  
  188  15:03  Drone x3  
  188  15:04  Drone  
  192  15:07  Roach x9  
  192  15:18  Roach x2  
Show
View Real Time Build Order
Export as new Build Order

Zanster Zerg 

Build Orders: Hatch First, Lurkers 

Get SALT Encoding   

  12  0:01  Drone  
  13  0:13  Overlord  
  13  0:17  Drone  
  14  0:32  Drone x2  
  16  0:36  Drone  
  17  0:53  Hatchery  
  17  0:55  Drone  
  17  0:58  Drone  
  18  1:09  Extractor  
  17  1:12  Spawning Pool  
  17  1:15  Drone  
  18  1:18  Drone  
  18  1:29  Drone  
  19  1:40  Drone  
  20  1:52  Overlord  
  20  1:59  Queen  
  22  2:04  Queen  
  22  2:05  Zergling x4  
  26  2:08  Metabolic Boost  
  26  2:13  Drone  
  27  2:17  Drone  
  28  2:23  Spine Crawler  
  28  2:25  Drone  
  28  2:34  Drone  
  28  2:36  Drone  
  31  2:37  Queen  
  33  2:45  Drone  
  34  2:52  Hatchery  
  34  2:54  Overlord  
  34  2:58  Drone  
  34  3:05  Zergling x2  
  34  3:06  Zergling x2  
  36  3:13  Zergling x10  
  36  3:19  Zergling x6  
  44  3:22  Overlord  
  44  3:46  Baneling Nest, Overlord  
  40  3:49  Drone x8  
  40  3:53  Zergling x2  
  40  3:54  Zergling x2  
  46  4:01  Zergling x2  
  43  4:04  Queen  
  43  4:09  Zergling x4  
  46  4:15  Zergling x6  
  49  4:19  Zergling x2  
  49  4:30  Zergling x14  
  49  4:31  Zergling x2  
  50  4:34  Baneling x2  
  46  4:41  Queen  
  48  4:50  Zergling x6  
  49  4:54  Drone  
  49  4:57  Baneling x2  
  49  4:58  Baneling  
  50  5:01  Drone  
  50  5:02  Drone  
  50  5:06  Drone  
  53  5:08  Drone  
  53  5:10  Drone  
  53  5:13  Baneling  
  55  5:14  Drone  
  55  5:15  Drone x2  
  55  5:18  Overlord  
  55  5:19  Drone  
  59  5:23  Queen  
  59  5:31  Drone  
  55  5:39  Zergling x10  
  57  5:45  Zergling x6  
  57  5:49  Extractor  
  57  5:50  Zergling x8  
  61  5:58  Queen  
  61  5:59  Baneling x4  
  63  6:06  Queen x2  
  63  6:07  Zergling x2  
  63  6:08  Zergling x4  
  63  6:10  Baneling x2  
  70  6:12  Overlord  
  70  6:17  Zergling x6  
  73  6:22  Baneling x2  
  73  6:23  Overlord  
  73  6:26  Overlord  
  73  6:29  Drone  
  73  6:41  Roach Warren  
  73  6:43  Zergling x12  
  73  6:44  Zergling x2  
  68  6:50  Overlord  
  68  7:00  Lair  
  67  7:03  Drone x6  
  67  7:04  Drone  
  67  7:05  Extractor  
  71  7:21  Roach x6  
  82  7:27  Roach x3  
  82  7:29  Roach  
  85  7:32  Roach  
  85  7:36  Overlord  
  82  7:38  Roach  
  82  7:42  Roach x2  
  87  7:47  Roach x2  
  87  7:49  Roach  
  93  7:52  Baneling x3  
  93  7:53  Roach  
  93  7:57  Overlord  
  95  8:00  Roach  
  95  8:01  Roach  
  99  8:05  Overlord  
  99  8:06  Roach  
  99  8:09  Overlord  
  101  8:16  Roach x3  
  101  8:18  Overlord  
  107  8:22  Overlord  
  107  8:28  Drone  
  107  8:29  Drone x4  
  107  8:31  Extractor  
  107  8:32  Extractor  
  107  8:34  Overlord  
  107  8:41  Overlord  
  107  8:45  Overseer  
  107  8:46  Glial Reconstitution  
  107  8:51  Roach  
  107  8:52  Roach x3  
  115  8:57  Overlord  
  115  9:06  Spire  
  115  9:09  Roach  
  116  9:10  Roach  
  116  9:11  Drone x3  
  116  9:13  Drone  
  116  9:14  Drone x2  
  116  9:15  Drone  
  125  9:17  Drone  
  125  9:20  Drone  
  125  9:21  Drone  
  125  9:22  Drone  
  129  9:24  Drone  
  129  9:26  Drone  
  129  9:27  Drone  
  129  9:31  Overlord  
  132  9:33  Overlord  
  132  9:43  Extractor  
  131  9:47  Evolution Chamber  
  131  9:49  Drone x2  
  131  9:51  Drone x2  
  134  9:53  Overlord  
  134  10:02  Roach x5  
  134  10:04  Overlord  
  139  10:17  Zerg Missile Weapons Level 1  
  139  10:21  Drone  
  139  10:22  Drone x3  
  139  10:28  Hatchery  
  142  10:30  Roach x6  
  154  10:39  Hydralisk Den  
  153  10:46  Overlord  
  153  10:47  Roach  
  153  10:48  Roach x3  
  161  11:00  Overlord  
  161  11:03  Overlord x2  
  161  11:12  Overlord  
  161  11:16  Lurker Den  
  161  11:17  Mutalisk, Hatchery  
  161  11:18  Mutalisk x3  
  162  11:21  Overlord  
  162  11:25  Roach x3  
  174  11:39  Roach x2  
  188  11:40  Roach x5  
  188  11:45  Ravager x4  
  192  11:51  Overseer  
  192  11:53  Overseer  
  192  11:54  Overlord  
  192  12:10  Overlord  
  194  12:15  Ravager x8  
  194  12:22  Hydralisk x2  
  196  12:34  Hydralisk x4  
  196  12:35  Hydralisk x2  
  196  12:43  Overlord  
  196  12:50  Lurker  
  196  12:51  Lurker  
  198  12:53  Zerg Missile Weapons Level 2  
  198  13:01  Hatchery  
  193  13:12  Roach x11  
  178  13:15  Lurker x2  
  141  13:28  Roach x3  
  141  13:29  Roach x2  
  145  13:46  Drone x3  
  145  13:47  Drone  
  149  13:55  Roach x8  
  165  14:00  Overseer  
  165  14:05  Lurker  
  165  14:06  Lurker x3  
  161  14:19  Roach  
  161  14:20  Roach x4  
  110  14:33  Roach x5  
  112  14:56  Mutalisk x2  
  112  14:57  Mutalisk x4  
  112  14:59  Mutalisk  
  122  15:03  Mutalisk  
  122  15:06  Mutalisk  
  124  15:12  Overseer  
Tags
 
Add a new tag
Caveats
  • Supply blocks, unpowered buildings, or Contaminate may cause inaccurate times.
  • Supply counts are checked every 10 seconds.